 Dungeon Crawl Stone Soup version 0.18.1-1-g2f07953 (webtiles) character file.

16594 Wooh the Nimble (level 12, -1/78 HPs)
             Began as a Kobold Assassin on May 8, 2016.
             Was a High Priest of Nemelex Xobeh.
             Slain by Rupert
             ... wielding a +4 great mace of holy wrath
              (34 damage)
             ... on level 3 of the Lair of Beasts.
             The game lasted 01:15:42 (13440 turns).

Wooh the Nimble (Kobold Assassin)                  Turns: 13440, Time: 01:15:50

Health: -1/78      AC: 12    Str:  9    XL:     12   Next: 72%
Magic:  18/18      EV: 31    Int:  9    God:    Nemelex Xobeh [*****.]
Gold:   1030       SH:  5    Dex: 23    Spells: 0 memorised, 11 levels left

rFire  . . .     SeeInvis .     a - +3 dagger
rCold  . . .     Gourm    .     c - +0 robe
rNeg   . . .     Faith    .     F - +0 buckler
rPois  +         Spirit   .     (no helmet)
rElec  +         Dismiss  .     d - +0 cloak
rCorr  .         Reflect  .     q - +2 pair of gloves
SustAt .         Harm     .     (no boots)
MR     .....     Clarity  +     i - amulet of regeneration
Stlth  +++++.....               C - +6 ring of protection
                                D - ring of poison resistance

@: cleaving, not resistant to hostile enchantments, quite stealthy
A: carnivore 3, clarity, electricity resistance, wild magic 1
a: Triple Draw, Deal Four, Stack Five, Renounce Religion


You were on level 3 of the Lair of Beasts.
You worshipped Nemelex Xobeh.
Nemelex Xobeh was extremely pleased with you.
You were full.

You visited 2 branches of the dungeon, and saw 13 of its levels.
You also visited: Ossuary.

You collected 1148 gold pieces.

Inventory:

Hand Weapons
 a - a +3 dagger (weapon)
 b - a +0 blowgun
Missiles
 e - 31 poisoned needles
Armour
 c - a +0 robe (worn)
 d - a +0 cloak (worn)
 q - a +2 pair of gloves (worn)
 F - a +0 buckler (worn)
Jewellery
 i - an amulet of regeneration (around neck)
 C - a +6 ring of protection (right hand)
 D - a ring of poison resistance (left hand)
 I - an uncursed ring of flight
 J - an uncursed ring of resist corrosion
 X - an uncursed ring of protection from fire
Wands
 k - a wand of teleportation (5/9)
 r - a wand of confusion (17/48)
 A - a wand of flame (15/48)
 N - a wand of digging (1/24)
 V - a wand of disintegration (11/24)
Scrolls
 f - a scroll of silence {unknown}
 h - 11 scrolls of remove curse
 u - 3 scrolls of blinking
 x - 3 scrolls of recharging
 y - a scroll of random uselessness {unknown}
 M - 3 scrolls of teleportation {unknown}
 P - a scroll of magic mapping
 R - 3 scrolls of enchant armour {unknown}
Potions
 j - 4 potions of curing
 l - 3 potions of cancellation
 s - 2 potions of resistance
 w - 2 potions of agility
 E - 2 potions of haste
 H - 6 potions of might
 L - 2 potions of invisibility {unknown}
 T - a potion of heal wounds
Miscellaneous
 m - an ornate deck of escape {drawn: 2}
 t - a legendary deck of war {drawn: 1}
 v - a plain deck of summoning {drawn: 6}
 K - a lamp of fire
 Q - an ornate deck of destruction {drawn: 1}
 U - a plain deck of escape {drawn: 4}
Comestibles
 g - 5 meat rations
 n - 2 chunks of flesh
 o - 9 beef jerkies


   Skills:
 - Level 10.4 Fighting
 - Level 7.0 Short Blades
 - Level 8.0 Throwing
 + Level 14.9 Dodging
 - Level 7.1 Stealth
 - Level 9.0 Evocations


You had 11 spell levels left.
You didn't know any spells.

Dungeon Overview and Level Annotations

Branches:
Dungeon (10/15)            Temple (0/1) D:4            Lair (3/8) D:10
  Swamp: Lair:3-6    Shoals: Lair:3-6     Snake: Lair:3-6    Spider: Lair:3-6
    Orc: D:9-12

Altars:
Fedhas
Nemelex Xobeh
Pakellas
Ru
Trog
Vehumet
Yredelemnul
Zin

Shops:
D:5 [   D:8 (

Annotations:
Lair:3 Rupert


Innate Abilities, Weirdness & Mutations

You are small and have problems with some larger weapons.
You are carnivorous and can eat meat at any time.
You possess an exceptional clarity of mind.
You are resistant to electric shocks.
Your spells are a little harder to cast, but a little more powerful.


Message History

Wooh's illusion is heavily wounded.
Wooh's illusion closely misses you. Rupert misses you.
You hit Rupert.
Rupert is almost dead.
You barely miss Wooh's illusion.
Wooh's illusion is heavily wounded.
Wooh's illusion barely misses you.
You hit Rupert but do no damage.
Rupert is almost dead.
You hit Wooh's illusion but do no damage.
Wooh's illusion is heavily wounded.
Rupert hits you with a great mace of holy wrath!
Wooh's illusion barely misses you.
You hit Rupert.
Rupert is almost dead.
You hit Wooh's illusion but do no damage.
Wooh's illusion is heavily wounded.
Rupert hits you with a great mace of holy wrath!!
You die...
Your body glows with a rainbow of weird colours and disappears.

##.##..###...#
##..........
#P.###..##...##
#.........#
##.##..###P...#
##.........#
#.###..###..##
#...........
####†##........#
##..........
#.#...#######..####
#...........
.#...#..#####...#(#
#..........#
#...............@@#
#.##########
#...............@.## ##
#..................##
#.................#.#
#...................###
P.....................#
#....................##
....................#.#
..................##.##
P.................####


You could see Rupert (berserk) and Wooh's illusion.

Vanquished Creatures
  A hydra (Lair:2)
  Nergalle (Lair:1)
  Joseph (D:7)
  A black mamba (Lair:3)
  6 spiny frogs
  3 rime drakes
  A komodo dragon (Lair:2)
  2 trolls (D:10)
  A two-headed ogre (D:10)
  9 blink frogs
  4 spriggans (D:5)
  3 yaks (Lair:2)
  Eustachio (D:6)
  4 hippogriffs
  2 hungry ghosts
  Duvessa (D:7)
  3 porcupines
  5 water moccasins
  An orc warrior (D:7)
  3 eyes of draining (D:10)
  3 sky beasts
  2 ice beasts
  A phantom (D:8)
  5 wolves (D:10)
  5 ogres
  5 centaurs
  4 crocodiles
  A big kobold (D:10)
  3 giant frogs
  Dowan (D:7)
  3 scorpions
  4 killer bees (D:8)
  10 howler monkeys
  3 spriggan skeletons (D:9)
  3 electric eels (D:10)
  A giant frog zombie (D:7)
  A centaur zombie (D:9)
  4 crimson imps
  A quasit (D:5)
  9 hounds
  5 jellies
  An orc priest (D:6)
  2 centaur skeletons
  2 giant frog skeletons
  4 iguanas
  A hell rat (Lair:2)
  6 orc wizards
  8 worker ants
  3 mummies (Ossuary)
  A worker ant zombie (D:7)
  13 adders
  2 howler monkey skeletons
  26 river rats
  An ooze (D:4)
  4 worms
  A dart slug (D:1)
  2 giant geckos
  26 orcs
  12 bats
  3 giant cockroaches
  16 goblins
  10 hobgoblins
  13 jackals
  14 kobolds
  5 quokkas
  A ball python (D:3)
  A giant gecko skeleton (D:5)
  6 giant newts
  A gnoll zombie (Ossuary)
  A jackal skeleton (D:5)
  An orc zombie (Ossuary)
  2 quokka skeletons
  2 quokka zombies (D:5)
  21 rats
  2 plants (Lair:2)
341 creatures vanquished.

Vanquished Creatures (collateral kills)
  An unseen horror (D:9)
  The ghost of zkyp the Cutter, a novice FoIE (Ossuary)
  The ghost of simples the Shield-Bearer, an amateur FoFi (D:4)
  2 blink frogs (Lair:1)
  Prince Ribbit (D:5)
  A spriggan (D:5)
  A hippogriff (Lair:1)
  An ogre (D:5)
  2 orc priests (D:8)
  A centaur skeleton (D:9)
  An iguana (Lair:1)
  A big kobold zombie (Ossuary)
  5 mummies (Ossuary)
  2 river rats (Lair:1)
  An adder (D:4)
  4 orcs
  A gnoll zombie (Ossuary)
  A giant gecko skeleton (D:4)
  A hobgoblin zombie (Ossuary)
  A kobold zombie (Ossuary)
  2 orc zombies (Ossuary)
32 creatures vanquished.

Vanquished Creatures (others)
  2 orc wizards (D:3)
2 creatures vanquished.

Grand Total: 375 creatures vanquished

Notes
Turn   | Place    | Note
--------------------------------------------------------------
     0 | D:1      | Wooh the Kobold Assassin began the quest for the Orb.
     0 | D:1      | Reached XP level 1. HP: 12/12 MP: 1/1
    90 | D:1      | Reached XP level 2. HP: 17/17 MP: 2/2
   291 | D:1      | Reached XP level 3. HP: 16/21 MP: 3/3
   791 | D:2      | Reached skill level 5 in Short Blades
   812 | D:2      | Reached XP level 4. HP: 22/26 MP: 4/4
  1627 | D:2      | Found a basalt altar of Yredelemnul.
  1627 | D:2      | Found an oddly glowing altar of Pakellas.
  1627 | D:2      | Found a blossoming altar of Fedhas.
  1850 | D:3      | Reached XP level 5. HP: 29/30 MP: 5/5
  1856 | D:3      | Reached skill level 2 in Dodging
  2184 | D:3      | Reached XP level 6. HP: 28/35 MP: 6/6
  2184 | D:3      | Reached skill level 3 in Dodging
  2586 | D:3      | Reached skill level 4 in Dodging
  2900 | D:4      | Noticed simples's ghost (amateur FoFi)
  3002 | D:4      | Found a sparkling altar of Nemelex Xobeh.
  3010 | D:4      | Became a worshipper of Nemelex Xobeh the Trickster
  3044 | D:4      | Received a gift from Nemelex Xobeh
  3108 | D:4      | Killed simples's ghost
  3108 | D:4      | Reached skill level 5 in Dodging
  3108 | D:4      | Reached XP level 7. HP: 40/40 MP: 7/7
  3193 | D:4      | Found a staircase to the Ecumenical Temple.
  3252 | D:4      | Found a bloodstained altar of Trog.
  3257 | D:4      | Found a glowing silver altar of Zin.
  3491 | D:5      | Entered Level 5 of the Dungeon
  3516 | D:5      | Noticed Prince Ribbit
  3534 | D:5      | Killed Prince Ribbit
  3534 | D:5      | Reached skill level 6 in Dodging
  3567 | D:5      | Reached * piety under Nemelex Xobeh
  3650 | D:5      | Found a sacrificial altar of Ru.
  3785 | D:5      | Found Sotuqosch's Armour Shop.
  3811 | D:5      | Found a sand-covered staircase.
  3818 | Ossuary  | Entered an ossuary
  3851 | Ossuary  | Noticed zkyp's ghost (novice FoIE)
  3864 | Ossuary  | Killed zkyp's ghost
  3864 | Ossuary  | Reached skill level 7 in Dodging
  3864 | Ossuary  | Reached XP level 8. HP: 41/44 MP: 9/11
  4188 | D:5      | Reached skill level 8 in Dodging
  4265 | D:5      | Found an oddly glowing altar of Pakellas.
  4475 | D:5      | Noticed a spriggan
  4506 | D:5      | Killed a spriggan
  4506 | D:5      | Reached skill level 9 in Dodging
  4536 | D:5      | Noticed a spriggan
  4538 | D:5      | Noticed a spriggan
  4587 | D:5      | Killed a spriggan
  4587 | D:5      | Reached skill level 10 in Dodging
  4587 | D:5      | Reached XP level 9. HP: 24/48 MP: 12/12
  4701 | D:5      | Reached skill level 11 in Dodging
  4848 | D:5      | Received a gift from Nemelex Xobeh
  5133 | D:6      | Noticed Eustachio
  5137 | D:6      | Killed Eustachio
  5137 | D:6      | Reached skill level 12 in Dodging
  5194 | D:6      | Reached ** piety under Nemelex Xobeh
  5736 | D:7      | Reached skill level 5 in Throwing
  5889 | D:7      | Reached XP level 10. HP: 32/53 MP: 13/13
  6087 | D:7      | Noticed Joseph
  6151 | D:7      | Killed Joseph
  6289 | D:7      | Received a gift from Nemelex Xobeh
  6366 | D:7      | Noticed Dowan
  6369 | D:7      | Noticed Duvessa
  6395 | D:7      | Killed Duvessa
  6400 | D:7      | Killed Dowan
  6400 | D:7      | Reached skill level 5 in Evocations
  7191 | D:8      | Reached *** piety under Nemelex Xobeh
  7313 | D:8      | Found Zyoday's Antique Weapon Shoppe.
  7913 | D:9      | Reached skill level 5 in Fighting
  7987 | D:9      | Gained mutation: You possess an exceptional clarity of mind. [potion of mutation]
  7987 | D:9      | Gained mutation: You are resistant to electric shocks. [potion of mutation]
  7987 | D:9      | Gained mutation: Your spells are a little harder to cast, but a little more powerful. [potion of mutation]
  8043 | D:9      | Found a radiant altar of Vehumet.
  8383 | D:9      | Reached XP level 11. HP: 64/64 MP: 16/16
  8705 | D:9      | HP: 3/66 [something (6)]
  8707 | D:9      | Killed an unseen horror
  8901 | D:10     | Entered Level 10 of the Dungeon
  9106 | D:10     | Received a gift from Nemelex Xobeh
  9653 | D:10     | Found a staircase to the Lair.
  9727 | D:10     | Reached **** piety under Nemelex Xobeh
  9910 | D:10     | Reached skill level 10 in Fighting
  9979 | D:10     | Received a gift from Nemelex Xobeh
 10282 | Lair:1   | Entered Level 1 of the Lair of Beasts
 10489 | Lair:1   | Received a gift from Nemelex Xobeh
 10575 | Lair:1   | Noticed Nergalle
 10638 | Lair:1   | HP: 1/73 [blink frog (20)]
 10645 | Lair:1   | Killed Nergalle
 10826 | Lair:1   | Reached XP level 12. HP: 62/78 MP: 18/18
 11240 | Lair:1   | Received a gift from Nemelex Xobeh
 11917 | Lair:2   | Reached skill level 13 in Dodging
 11998 | Lair:2   | Received a gift from Nemelex Xobeh
 12067 | Lair:2   | Reached ***** piety under Nemelex Xobeh
 12206 | Lair:2   | Noticed a five-headed hydra
 12225 | Lair:2   | Killed a five-headed hydra
 12514 | Lair:2   | Received a gift from Nemelex Xobeh
 12532 | Lair:2   | Reached skill level 14 in Dodging
 13407 | Lair:3   | Noticed Rupert
 13415 | Lair:3   | Paralysed by Rupert for 2 turns
 13440 | Lair:3   | Slain by Rupert

Skill      XL: |  1  2  3  4  5  6  7  8  9 10 11 12 |
---------------+-------------------------------------+-----
Short Blades   | 3 4 5 6 7 |  7.0
Dodging        | 2 5 7 10 12 14 | 14.9
Evocations     | 4 7 9 |  9.0
Throwing       | 5 8 |  8.0
Fighting       | 6 10 | 10.4
Stealth        | 7 |  7.1

Action                   |  1- 3 |  4- 6 |  7- 9 | 10-12 || total
-------------------------+-------+-------+-------+-------++-------
Melee: Dagger            |   109 |   208 |   403 |  1540 ||  2260
 Fire: Blowgun           |     5 |    70 |    62 |   256 ||   393
Invok: Triple Draw       |       |       |       |     1 ||     1
Evoke: Deck              |       |     1 |     5 |    35 ||    41
       Lamp of fire      |       |       |       |     1 ||     1
       Wand              |       |       |       |     5 ||     5
  Use: Scroll            |       |       |     7 |    10 ||    17
       Potion            |       |       |       |     3 ||     3
 Stab: Sleeping          |     4 |     7 |    17 |    30 ||    58
       Distracted        |     1 |     1 |     1 |     3 ||     6
  Eat: Chunk             |     6 |     9 |     7 |    34 ||    56
       Royal jelly       |       |       |       |     1 ||     1
Armor: Robe              |    26 |    40 |    28 |    85 ||   179
Dodge: Dodged            |    82 |   132 |   231 |  1203 ||  1648
Block: Buckler           |       |       |     2 |   323 ||   325
